[Event "Early-Titled-Tuesday-Blitz-September-12-2023"]
[Site "Chess.com"]
[Date "2023.09.12"]
[Round "9"]
[White "dadice10"]
[Black "supereagles1201"]
[Result "1-0"]
[WhiteElo "2237"]
[BlackElo "2372"]
[TimeControl "180+1"]
[EndTime "9:44:33 PDT"]
[Termination "dadice10 won by checkmate"]

1. e4 c5 2. Nc3 Nc6 3. Bb5 Nd4 4. Bc4 e6 5. Nge2 Nf6 6. O-O d5 7. exd5 exd5 8. Nxd5 Nxd5 9. Nxd4 cxd4 10. Qh5 Be6 11.
Re1 g6 12. Qxd5 Qxd5 13. Bxd5 O-O-O 14. Bxe6+ fxe6 15. Rxe6 d3 16. c3 Bc5 17. b4 Bb6 18.
a4 Rhf8 19. Ba3 Rxf2 20. Rxb6 Rdf8 21. b5 R8f4 22. Bd6 Rf7 23. Bc5 Rxd2 24. Rd6 Rc2 25.
Rxd3 Rf5 26. Bd4 a6 27. bxa6 bxa6 28. Rf1 Ra5 29. h3 Rxa4 30. Rf7 Raa2 31. Rg3 Ra1+ 32.
Kh2 Rcc1 33. Rg5 Rh1+ 34. Kg3 Ra2 35. Rc5+ Kd8 36. Bf6+ Ke8 37. Re7+ Kf8 38. Rc8# 1-0

[Event "Early-Titled-Tuesday-Blitz-September-12-2023"]
[Site "Chess.com"]
[Date "2023.09.12"]
[Round "9"]
[White "h4parah5"]
[Black "Diaschess88"]
[Result "1-0"]
[WhiteElo "2940"]
[BlackElo "2688"]
[TimeControl "180+1"]
[EndTime "9:44:36 PDT"]
[Termination "h4parah5 won on time"]

1. d4 Nf6 2. Nf3 g6 3. c4 Bg7 4.
Nc3 d5 5. Qb3 dxc4 6. Qxc4 O-O 7. e4 Nc6 8. Be2 e5 9. d5 Nd4 10. Nxd4 exd4 11. Qxd4 c6 12. Qc4 b5 13. Qxc6 Bd7 14.
Qd6 Re8 15. O-O Rc8 16. f3 b4 17. Qxb4 Nh5 18. f4 Qh4 19. Bxh5 Qxh5 20. e5 Qf5 21. Qe4 Qxe4 22. Nxe4 Rc2 23. Rf2 Rec8 24. Be3 Rxf2 25. Bxf2 Rc2 26. Nc5 Bf5 27. b4 g5 28. Rd1 Bg4 29. Re1 gxf4 30. d6 Rxa2 31. h3 Bf5 32.
Rd1 Bxe5 33. d7 Bxd7 34. Nxd7 Bc3 35. Bc5 Rb2 36. Bd4 Rb3 37. Nc5 Bxd4+ 38. Rxd4 Rb1+ 39. Kf2 1-0

[Event "Early-Titled-Tuesday-Blitz-September-12-2023"]
[Site "Chess.com"]
[Date "2023.09.12"]
[Round "9"]
[White "Abund"]
[Black "Pingah9"]
[Result "1-0"]
[WhiteElo "2747"]
[BlackElo "2572"]
[TimeControl "180+1"]
[EndTime "9:44:36 PDT"]
[Termination "Abund won by resignation"]

1. e4 c5 2. Nf3 Nc6 3. Bb5 g6 4. O-O Bg7 5. Re1 Nf6 6. c3 a6 7. Bxc6 dxc6 8. h3 O-O 9. d4 cxd4 10. cxd4 Qc7 11. Nc3 Rd8 12. Qc2 c5 13. d5 b5 14. Be3 e6 15. d6 Qb6 16. Bg5 h6 17. Bxf6 Bxf6 18. e5 Bg7 19. Ne4 c4 20. b3 cxb3 21.
axb3 Bb7 22. Rac1 Rac8 23. Qd3 Bd5 24. b4 Rc4 25. Rxc4 bxc4 26. Qd2 Rb8 27. Nf6+ Bxf6 28. exf6 Kh7 29. Ne5 Qxb4 30. Qxb4 Rxb4 31. d7 Rb8 32. Nxf7 1-0

[Event "Early-Titled-Tuesday-Blitz-September-12-2023"]
[Site "Chess.com"]
[Date "2023.09.12"]
[Round "9"]
[White "LeoLV10"]
[Black "Zampronha1971"]
[Result "1-0"]
[WhiteElo "2489"]
[BlackElo "2333"]
[TimeControl "180+1"]
[EndTime "9:44:38 PDT"]
[Termination "LeoLV10 won by resignation"]

1. e4 c5 2. Nf3 e6 3. d4 cxd4 4. Nxd4 Nc6 5. Nc3 Qc7 6. a3 a6 7. f4 d6 8. Be3 Nf6 9. Be2 Be7 10. Bf3 O-O 11. O-O Rb8 12. Qe1 Nxd4 13. Bxd4 b6 14. Qg3 Bb7 15. Rae1 Ba8 16. Kh1 Ne8 17. e5 Bxf3 18. Rxf3 dxe5 19. Bxe5 Bd6 20. Bd4 Bc5 21.
Be5 Bd6 22. Ref1 Bxe5 23. fxe5 Rd8 24. h3 f5 25. Ne4 Qxc2 26. Ng5 Qc6 27. Qh4 h6 28.
Nxe6 Qxe6 29. Qxd8 b5 30. Qd3 Qxe5 31. Rxf5 Rxf5 32. Rxf5 Qe1+ 33. Rf1 Qe6 34. Qf5 Qe7 35. Qd5+ Kh7 36. Qf7 Qe2 37. Qf2 Qe7 38. Re1 Qd7 39.
Qc2+ Kg8 40. Qe4 Nf6 41. Qe6+ Kf8 42. Qxd7 Nxd7 43. Re6 Nc5 44. Rc6 Nd3 45. b4 Nb2 46. Rxa6 Nc4 47. a4 bxa4 48. Rxa4 Ke7 49. Ra6 Nd6 50. Ra7+ 1-0

[Event "Early-Titled-Tuesday-Blitz-September-12-2023"]
[Site "Chess.com"]
[Date "2023.09.12"]
[Round "9"]
[White "artooon"]
[Black "Zhigalko_Sergei"]
[Result "1-0"]
[WhiteElo "3045"]
[BlackElo "2884"]
[TimeControl "180+1"]
[EndTime "9:44:42 PDT"]
[Termination "artooon won on time"]

1. e4 c5 2. Nf3 Nc6 3. d4 cxd4 4.
Nxd4 Nf6 5. Nc3 e5 6. Ndb5 d6 7.
Nd5 Nxd5 8. exd5 Nb8 9. c4 Be7 10. Be2 O-O 11. O-O a6 12. Nc3 f5 13. b4 Nd7 14. a4 Bf6 15. Ra3 e4 16. a5 Be5 17.
f4 exf3 18. Rxf3 f4 19. Na4 g5 20. Rf1 Rb8 21. Kh1 Nf6 22. c5 Bf5 23. Nb6 Qe8 24.
Nc4 Rd8 25. Nxe5 Qxe5 26. Bc4 Ne4 27. Rb3 1-0

[Event "Early-Titled-Tuesday-Blitz-September-12-2023"]
[Site "Chess.com"]
[Date "2023.09.12"]
[Round "9"]
[White "Young_Catalan_Player09"]
[Black "KatakuriDono"]
[Result "1/2-1/2"]
[WhiteElo "2446"]
[BlackElo "2338"]
[TimeControl "180+1"]
[EndTime "9:44:43 PDT"]
[Termination "Game drawn by repetition"]

1. d4 d5 2. Nf3 Nf6 3. c4 dxc4 4. Qa4+ c6 5. Qxc4 Be6 6. Qc2 g6 7. Nc3 Bg7 8. g3 h6 9. Bg2 O-O 10. O-O Na6 11. h3 Qc8 12. Kh2 Rd8 13. e4 Nb4 14.
Qe2 b5 15. b3 c5 16. Nxb5 cxd4 17. Nbxd4 Bd7 18. Ba3 a5 19. Rac1 Qb8 20. e5 Nfd5 21. e6 Be8 22. exf7+ Bxf7 23. Ne5 Qxe5 24. Qxe5 Bxe5 25.
Nc6 Nxc6 26. Rxc6 Rac8 27. Rfc1 Nc3 28. Rxc8 Rxc8 29. Bxe7 Re8 30. Ba3 Nxa2 31. Rc5 Bxb3 32. Rxa5 Nc3 33. Bb2 Bh8 34. Bxc3 Bxc3 35. Ra3 Rb8 36.
Rxb3 Rxb3 37. Bd5+ Kg7 38. Bxb3 Kf6 39. Kg2 Ke5 40.
Bc2 g5 41. Kf3 Bd4 42. Ke2 h5 43. Bg6 h4 44. gxh4 gxh4 45. Kf3 Kf6 46. Bd3 Kg5 47. Kg2 Kf4 48. Be2 Bc5 49. Bg4 Bd4 50. f3 Bc5 51. Kf1 Bd4 52. Ke2 Bc5 53. Kd1 Be3 54. Kc2 Bf2 55.
Kb2 Bg3 56. Kb3 Bf2 57. Kc4 Bg3 58. Kb5 Bf2 59. Kc6 Bg3 60. Kc7 Bf2 61. Kc8 Bg3 62.
Kd8 Bf2 63. Kc8 Bg3 64. Kb7 Bf2 65. Ka8 Bg3 66. Kb7 Bf2 67. Kc8 1/2-1/2

[Event "Early-Titled-Tuesday-Blitz-September-12-2023"]
[Site "Chess.com"]
[Date "2023.09.12"]
[Round "9"]
[White "splendidkid"]
[Black "BillieKimbah"]
[Result "0-1"]
[WhiteElo "2783"]
[BlackElo "3029"]
[TimeControl "180+1"]
[EndTime "9:44:46 PDT"]
[Termination "BillieKimbah won on time"]

1. d4 d5 2. c4 e6 3. Nf3 Nf6 4. Nc3 h6 5. Bf4 Bb4 6. Qa4+ Nc6 7. Ne5 Bd7 8. Nxc6 Bxc3+ 9. bxc3 Bxc6 10. Qa3 dxc4 11.
f3 Nd5 12. Be5 f6 13. Bg3 f5 14. e4 fxe4 15. fxe4 Ne3 16. Qc1 Qg5 17. Bf2 Nxg2+ 18.
Bxg2 Qxg2 19. Rg1 Qxe4+ 20. Qe3 g5 21. Kd2 Rf8 22. Rae1 Qxe3+ 23. Bxe3 O-O-O 24. h4 gxh4 25. Bxh6 Rf2+ 26. Kc1 Rxa2 27. Bf4 Ra1+ 28. Kd2 Rxe1 29. Kxe1 b5 30. Rg7 Rd7 31. Rg8+ Kb7 32. Rh8 b4 33. Kd2 b3 34. Rxh4 Rg7 35. Kc1 Rg1+ 36.
Kb2 Rg2+ 37. Ka3 a5 0-1

[Event "Early-Titled-Tuesday-Blitz-September-12-2023"]
[Site "Chess.com"]
[Date "2023.09.12"]
[Round "9"]
[White "Irishchessman16"]
[Black "Al_Shima"]
[Result "0-1"]
[WhiteElo "2459"]
[BlackElo "2350"]
[TimeControl "180+1"]
[EndTime "9:44:46 PDT"]
[Termination "Al_Shima won by resignation"]

1. Nf3 Nf6 2. g3 b6 3. Bg2 Bb7 4. O-O g6 5. Re1 Bg7 6. d4 c5 7. b3 cxd4 8. Nxd4 Bxg2 9. Kxg2 Nc6 10. Bb2 Nxd4 11. Qxd4 Nh5 12. Qxg7 Nxg7 13. Bxg7 Rg8 14. Bb2 f6 15. e4 d6 16. c4 Qd7 17. Nc3 Kf7 18.
Rad1 a6 19. e5 fxe5 20. Rxe5 Qc6+ 21. Re4 b5 22. Kg1 bxc4 23. Rxc4 Qb7 24. Nd5 Rgc8 25. Rf4+ Kg8 26. Re4 e5 27. Nf6+ Kf7 28. Rxd6 Rd8 29.
Rxd8 Rxd8 30. Bxe5 Rd1+ 31. Kg2 Re1 32. f3 Rxe4 33.
Nxe4 Qd5 34. Bc3 Qd1 35. b4 Qc2+ 36. Kh3 Qxa2 37. Bd4 Kg8 38. Bc5 Qb3 39. Kg2 Qc2+ 40. Kh3 Qe2 41. Nf6+ Kg7 42. Bd4 Qxf3 43. Ne4+ Kg8 44.
Nf6+ Kf7 0-1

[Event "Early-Titled-Tuesday-Blitz-September-12-2023"]
[Site "Chess.com"]
[Date "2023.09.12"]
[Round "9"]
[White "sjoerd893"]
[Black "HanSchut"]
[Result "1-0"]
[WhiteElo "2476"]
[BlackElo "2276"]
[TimeControl "180+1"]
[EndTime "9:44:47 PDT"]
[Termination "sjoerd893 won on time"]

1. e4 c5 2. Nf3 d6 3. d4 cxd4 4. Nxd4 Nf6 5. Nc3 a6 6. Be3 e5 7.
Nb3 Be6 8. f3 Be7 9. Qd2 O-O 10.
O-O-O Nbd7 11. g4 b5 12. h4 b4 13. Ne2 a5 14. Kb1 a4 15. Nbc1 Nb6 16. Ng3 Qc7 17. g5 Nfd7 18. Nf5 Bxf5 19. exf5 Rfc8 20. Rg1 Nc4 21. Bxc4 Qxc4 22. Rg4 Qc6 23. f6 Bf8 24. h5 Qxf3 25. Rdg1 Nc5 26. fxg7 Bxg7 27. g6 Ne4 28.
gxf7+ Kh8 29. Qg2 Qxe3 30. Rxg7 Nd2+ 31. Ka1 1-0

[Event "Early-Titled-Tuesday-Blitz-September-12-2023"]
[Site "Chess.com"]
[Date "2023.09.12"]
[Round "9"]
[White "turayev_shahruh17"]
[Black "mamey78"]
[Result "1-0"]
[WhiteElo "2819"]
[BlackElo "2612"]
[TimeControl "180+1"]
[EndTime "9:44:49 PDT"]
[Termination "turayev_shahruh17 won by resignation"]

1. e4 e5 2. Nc3 Nc6 3. Bc4 Nf6 4.
d3 Bc5 5. f4 d6 6. Nf3 a6 7. f5 Na5 8. Qe2 c6 9. Be3 Qe7 10.
Bxc5 dxc5 11. O-O b5 12. Bb3 O-O 13. Nd1 c4 14. dxc4 b4 15. Kh1 Bb7 16. Nf2 Rad8 17. g4 c5 18. g5 Nh5 19. Qe3 Rd4 20. Nxd4 exd4 21. Qf3 g6 22. f6 Qe5 23. Rae1 Qxg5 24.
Nd3 Re8 25. Ba4 Re6 26. Rg1 Qxf6 27. Qxf6 Nxf6 28. Nxc5 Rxe4 29. Nxb7 Nxb7 30. Rxe4 Nxe4 31. Bc6 Nbc5 32. Bxe4 Nxe4 33. Re1 f5 34. Kg2 Kf7 35. Ra1 g5 36. a3 b3 37. cxb3 d3 38. Rd1 d2 39. Kf3 Ke6 40. b4 Ke5 41. c5 f4 42. Ke2 g4 43. a4 h5 44. b5 axb5 45. axb5 h4 46. b6 Nxc5 47. Rxd2 h3 48. Rd8 g3 49.
hxg3 fxg3 50. Kf3 1-0

[Event "Early-Titled-Tuesday-Blitz-September-12-2023"]
[Site "Chess.com"]
[Date "2023.09.12"]
[Round "9"]
[White "Inepton_Fermion"]
[Black "RamonManon0g"]
[Result "1-0"]
[WhiteElo "2355"]
[BlackElo "2293"]
[TimeControl "180+1"]
[EndTime "9:44:49 PDT"]
[Termination "Inepton_Fermion won by checkmate"]

1. e4 c5 2. Nf3 d6 3. d4 cxd4 4. Nxd4 Nf6 5. Nc3 a6 6. Rg1 e5 7. Nb3 h5 8. Bg5 Nbd7 9. Qd2 Be7 10. O-O-O b5 11. f4 Bb7 12. Bd3 O-O 13. Rde1 b4 14.
Nd1 a5 15. Kb1 g6 16. f5 Kg7 17. Bh6+ Kh7 18. Bxf8 Bxf8 19. h3 Bh6 20. Qf2 a4 21.
Nc1 Nc5 22. g4 b3 23. g5 Bxg5 24. Rxg5 Nfxe4 25. fxg6+ fxg6 26. Qf7+ Kh8 27. Rxg6 bxc2+ 28. Bxc2 Nd2+ 29. Ka1 Qf8 30. Qxf8+ Rxf8 31. Reg1 Bf3 32. Rh6# 1-0

[Event "Early-Titled-Tuesday-Blitz-September-12-2023"]
[Site "Chess.com"]
[Date "2023.09.12"]
[Round "9"]
[White "Smiechu"]
[Black "Agibileg"]
[Result "0-1"]
[WhiteElo "2473"]
[BlackElo "2644"]
[TimeControl "180+1"]
[EndTime "9:44:51 PDT"]
[Termination "Agibileg won by resignation"]

1. e4 e5 2. Nf3 Nc6 3. d4 exd4 4. Nxd4 Nf6 5. Nxc6 bxc6 6. e5 Qe7 7. Qe2 Nd5 8.
c4 Ba6 9. b3 O-O-O 10. f4 Re8 11. Qf2 Nb6 12. Bd3 f6 13. Bb2 fxe5 14. fxe5 Qb4+ 15.
Bc3 Rxe5+ 16. Kd2 Qc5 17. Bd4 Qb4+ 18. Bc3 Qd6 19. Bxe5 Qxe5 20. Nc3 Bb4 21. Rac1 Rf8 22. Qe3 Qa5 23. a4 Bc5 24. Qg5 Rf2+ 25. Be2 Nd5 26. Qxg7 Be3+ 27. Kd3 Bxc1 28. Rxc1 Rxg2 29. Qf8+ Kb7 30.
Bf3 Nb4+ 31. Ke3 Qg5+ 32. Qf4 Nc2+ 33. Ke4 d5+ 34. cxd5 Bd3+ 35. Kxd3 Qxf4 36. dxc6+ Ka6 37. Bxg2 Qxc1 38. Bd5 Nb4+ 0-1

[Event "Early-Titled-Tuesday-Blitz-September-12-2023"]
[Site "Chess.com"]
[Date "2023.09.12"]
[Round "9"]
[White "profedechess93"]
[Black "ChessTankMan"]
[Result "1-0"]
[WhiteElo "2653"]
[BlackElo "2513"]
[TimeControl "180+1"]
[EndTime "9:44:51 PDT"]
[Termination "profedechess93 won by checkmate"]

1. e4 c5 2. Nf3 e6 3. d4 cxd4 4. Nxd4 a6 5. Nc3 Qc7 6. Be2 b5 7. Bf3 Bb7 8. O-O Nc6 9. Re1 Ne5 10. Bf4 d6 11. Bh5 Qd7 12. a4 b4 13. Na2 Nf6 14.
Nxb4 Nxe4 15. Nd3 Ng6 16. Bf3 Nc5 17. Nxc5 dxc5 18. Bxb7 Qxb7 19. Nxe6 fxe6 20. Rxe6+ Kf7 21. Qg4 Be7 22. Rae1 Bf6 23. Rd6 Rad8 24. Qe6+ Kf8 25. Rxd8+ Bxd8 26. Qe8# 1-0

[Event "Early-Titled-Tuesday-Blitz-September-12-2023"]
[Site "Chess.com"]
[Date "2023.09.12"]
[Round "9"]
[White "Forge13"]
[Black "Manukyan_Artak"]
[Result "0-1"]
[WhiteElo "2609"]
[BlackElo "2518"]
[TimeControl "180+1"]
[EndTime "9:44:52 PDT"]
[Termination "Manukyan_Artak won by resignation"]

1. e4 c6 2. Nf3 d5 3. d3 dxe4 4. dxe4 Qxd1+ 5. Kxd1 Bg4 6. Be2 Nd7 7. Nfd2 Ngf6 8. Bxg4 Nxg4 9. Ke2 e5 10. f3 Ngf6 11. a4 Bd6 12. Nc4 Bc7 13. Be3 Nb6 14. Nbd2 Nfd7 15. a5 Nxc4 16. Nxc4 a6 17. Ra3 O-O-O 18. Rd1 Rhe8 19. Rad3 Nf8 20. Nd6+ Bxd6 21. Rxd6 Rxd6 22.
Rxd6 Rd8 23. Rd3 Rxd3 24. Kxd3 Ne6 25. Kc4 Kd7 26. c3 g6 27. b4 f5 28. exf5 gxf5 29. Kd3 Nc7 30. g4 e4+ 31. fxe4 fxg4 32. Bd4 h5 33.
Ke3 Ne6 34. Be5 c5 35. bxc5 Nxc5 36. Kf4 Nd3+ 37. Kf5 b5 38. axb6 Nxe5 39. Kxe5 h4 40. b7 Kc7 41. Kf6 g3 42. e5 gxh2 43. e6 h1=Q 44.
e7 Qf3+ 45. Kg7 Qg4+ 46. Kf8 Qf5+ 47. Kg8 Qe6+ 48. Kf8 Qf6+ 49. Ke8 Qxc3 50. Kf8 Qf6+ 51. Ke8 Qxe7+ 0-1

[Event "Early-Titled-Tuesday-Blitz-September-12-2023"]
[Site "Chess.com"]
[Date "2023.09.12"]
[Round "9"]
[White "Fleetw00dMac"]
[Black "DonJuanEGenaro"]
[Result "1-0"]
[WhiteElo "2467"]
[BlackElo "1993"]
[TimeControl "180+1"]
[EndTime "9:44:52 PDT"]
[Termination "Fleetw00dMac won on time"]

1. d4 d5 2. c4 e6 3. Nc3 c5 4. cxd5 cxd4 5. Qa4+ b5 6. Qxd4 Nf6 7. e4 a6 8. Nf3 b4 9. e5 Nxd5 10. Nxd5 Qxd5 11.
Bc4 Qxd4 12. Nxd4 Bc5 13. Be3 O-O 14. O-O Rd8 15. Rfd1 Bxd4 16. Bxd4 Nc6 17. Bb6 Re8 18. f4 Rb8 19. Be3 Na5 20. Be2 Bb7 21. Rd6 Ra8 22. Rc1 Rec8 23. Rc5 Rxc5 24. Bxc5 Bd5 25. Bxb4 Nc4 26. Rd7 Nxb2 27. a3 Nc4 28. Rc7 1-0

[Event "Early-Titled-Tuesday-Blitz-September-12-2023"]
[Site "Chess.com"]
[Date "2023.09.12"]
[Round "9"]
[White "The_Princess_Moon"]
[Black "Srisshhhtea"]
[Result "1/2-1/2"]
[WhiteElo "2279"]
[BlackElo "2419"]
[TimeControl "180+1"]
[EndTime "9:44:54 PDT"]
[Termination "Game drawn by repetition"]

1. e4 e5 2. Nf3 Nc6 3. Nc3 Nf6 4.
Bb5 Nd4 5. Bc4 d5 6. Nxd5 Bg4 7.
d3 c6 8. Ne3 Nxf3+ 9. gxf3 Bh3 10. Rg1 Nh5 11. c3 g6 12. Qb3 Qd7 13. Ng4 Bg7 14. Qc2 a5 15. a4 O-O 16. Be3 b5 17. Bb3 Rfd8 18. axb5 cxb5 19. Bd5 Ra6 20. Ke2 Bxg4 21.
Rxg4 Nf6 22. c4 Nxg4 23. fxg4 Qxg4+ 24. Kd2 Bf8 25. c5 a4 26. Qc3 Re8 27. Qb4 Rb8 28. Qc3 Re8 29. Qb4 Rb8 30. Qc3 Re8 1/2-1/2

[Event "Early-Titled-Tuesday-Blitz-September-12-2023"]
[Site "Chess.com"]
[Date "2023.09.12"]
[Round "9"]
[White "WaybackBoy"]
[Black "VSanduleac"]
[Result "1/2-1/2"]
[WhiteElo "2701"]
[BlackElo "2556"]
[TimeControl "180+1"]
[EndTime "9:44:55 PDT"]
[Termination "Game drawn by repetition"]

1. d4 d6 2. c4 e5 3. Nc3 exd4 4. Qxd4 Nc6 5. Qd2 Nf6 6. b3 a5 7. Bb2 a4 8. bxa4 Be7 9. e3 O-O 10. Nf3 Be6 11. Be2 Ne5 12. Nd5 Bxd5 13. cxd5 Nxf3+ 14. Bxf3 Rxa4 15. O-O Nd7 16. Qc2 Ra8 17. Rfc1 Nc5 18.
Bd4 b6 19. Qf5 Bf6 20. Be4 Nxe4 21. Qxe4 Bxd4 22. Qxd4 Ra5 23. Rc2 Qd7 24. Rac1 Rc5 25. Rxc5 dxc5 26. Qc4 Ra8 27. e4 Qa4 28. Qe2 Qxa2 29.
Qg4 Qb2 30. Re1 g6 31. h4 Qe5 32. f4 Qc3 33. Re2 h5 34. Qg5 Kg7 35. e5 Qd3 36. Qf6+ Kg8 37. e6 Qxe2 38. Qxf7+ Kh8 39. Qf6+ Kh7 40.
Qe7+ Kh8 41. Qf6+ Kh7 42. Qe7+ Kh8 43. Qf6+ 1/2-1/2

[Event "Early-Titled-Tuesday-Blitz-September-12-2023"]
[Site "Chess.com"]
[Date "2023.09.12"]
[Round "9"]
[White "malakismayil"]
[Black "Alex_Banzea"]
[Result "0-1"]
[WhiteElo "2510"]
[BlackElo "2634"]
[TimeControl "180+1"]
[EndTime "9:44:55 PDT"]
[Termination "Alex_Banzea won on time"]

1. e4 c6 2. d4 d5 3. Nc3 dxe4 4. Nxe4 Nf6 5. Nxf6+ exf6 6. Be3 Bd6 7. Bd3 O-O 8. Ne2 Re8 9. O-O Nd7 10. h3 Nf8 11. c4 Ng6 12. Qd2 Be6 13. Rad1 Qd7 14. Bxg6 hxg6 15. d5 cxd5 16. cxd5 Bxh3 17. gxh3 Qxh3 18.
Nf4 Qh4 19. Rfe1 g5 20. Ne2 Qh2+ 21. Kf1 Qh3+ 22. Kg1 Re4 23. Ng3 Rg4 24. Re2 Re8 25.
Bc5 Rxg3+ 0-1

[Event "Early-Titled-Tuesday-Blitz-September-12-2023"]
[Site "Chess.com"]
[Date "2023.09.12"]
[Round "9"]
[White "CristianS27"]
[Black "MaxLeto"]
[Result "0-1"]
[WhiteElo "2501"]
[BlackElo "2408"]
[TimeControl "180+1"]
[EndTime "9:44:55 PDT"]
[Termination "MaxLeto won by resignation"]

1. e4 c5 2. Nf3 d6 3. d4 cxd4 4. Nxd4 Nf6 5. Nc3 a6 6. Be3 Ng4 7. Bc1 Nf6 8. a4 Nc6 9. a5 Nxa5 10. Nd5 Nc6 11. Be3 Nd7 12. Nb5 axb5 13. Rxa8 e6 14. Nc3 b4 15. Nb5 Ndb8 16. Be2 Be7 17. O-O O-O 18.
f4 b6 19. Bf3 Bb7 20. Ra1 Na6 21. Qe2 Nc5 22. Rfd1 Qb8 23. Nd4 Rc8 24. Nxc6 Bxc6 25. Bf2 Qb7 26. Re1 Na4 27. Rab1 Bf6 28. e5 dxe5 29.
fxe5 Be7 30. Bxc6 Qxc6 31. Rec1 h6 32. Qf3 Bg5 33. Qxc6 Rxc6 34. Rd1 Rxc2 35. h4 Bf4 36. Rd8+ Kh7 37. Rc1 Rxc1+ 0-1

[Event "Early-Titled-Tuesday-Blitz-September-12-2023"]
[Site "Chess.com"]
[Date "2023.09.12"]
[Round "9"]
[White "Francisco_Ferrari"]
[Black "Flaccidmoves"]
[Result "1-0"]
[WhiteElo "2211"]
[BlackElo "2455"]
[TimeControl "180+1"]
[EndTime "9:44:56 PDT"]
[Termination "Francisco_Ferrari won on time"]

1. e4 e6 2. d3 d5 3. Qe2 Be7 4. Nf3 Nc6 5. g3 e5 6. exd5 Qxd5 7. Nc3 Qd6 8. Bg2 Nf6 9. O-O O-O 10. Re1 Bg4 11.
h3 Nd4 12. Qd1 Nxf3+ 13. Bxf3 Bxh3 14. Bg5 Rfe8 15. Bxb7 Rab8 16. Qf3 e4 17. dxe4 Rxb7 18. e5 Qb6 19. exf6 gxf6 20. Nd5 fxg5 21. Nxb6 Rxb6 22. g4 Rh6 23. Qf5 Kf8 24. Re3 Bc5 25. Qxc5+ 1-0

[Event "Early-Titled-Tuesday-Blitz-September-12-2023"]
[Site "Chess.com"]
[Date "2023.09.12"]
[Round "9"]
[White "Herman-NY"]
[Black "MusicCityMaster"]
[Result "1-0"]
[WhiteElo "2546"]
[BlackElo "2392"]
[TimeControl "180+1"]
[EndTime "9:44:58 PDT"]
[Termination "Herman-NY won on time"]

1. e4 c5 2. Nf3 d6 3. d4 cxd4 4. Nxd4 Nf6 5. Nc3 a6 6. Bc4 e6 7. a3 b5 8. Ba2 Qc7 9. g4 Bb7 10. Qe2 Nc6 11. Be3 h6 12. O-O-O Nxd4 13. Bxd4 Be7 14.
h4 e5 15. Be3 Rc8 16. g5 Nxe4 17. Nd5 Bxd5 18. Bxd5 Nc5 19. Kb1 h5 20. f4 g6 21.
Rhf1 O-O 22. f5 Kh7 23. Rf2 Qd7 24. Rdf1 Rce8 25. Bxf7 Rxf7 26. fxg6+ Kxg6 27. Rxf7 Qe6 28. Bxc5 dxc5 29. Qe4+ 1-0

[Event "Early-Titled-Tuesday-Blitz-September-12-2023"]
[Site "Chess.com"]
[Date "2023.09.12"]
[Round "9"]
[White "HeinichessPY"]
[Black "surrenderPLS"]
[Result "0-1"]
[WhiteElo "2338"]
[BlackElo "2489"]
[TimeControl "180+1"]
[EndTime "9:45:00 PDT"]
[Termination "surrenderPLS won by checkmate"]

1. e4 c5 2. Nc3 Nc6 3. f4 g6 4.
Nf3 Bg7 5. Bc4 e6 6. O-O Nge7 7. d3 d5 8. Bb3 O-O 9. Qe1 Nd4 10. Qh4 dxe4 11.
dxe4 Nec6 12. Qh3 Nxf3+ 13. Qxf3 Nd4 14. Qf2 b5 15. a3 Bb7 16. e5 b4 17. axb4 cxb4 18.
Ne2 Nxb3 19. cxb3 Qd5 20. Be3 Qxb3 21. Bc5 Rfc8 22. Rxa7 Rxa7 23. Bxa7 Qxb2 24. Bd4 Qa2 25. Ng3 Qxf2+ 26. Rxf2 b3 27. Rb2 Rc1+ 28. Kf2 Bd5 29. Ne2 Rh1 30. h3 Rh2 31. Ke3 Rxg2 32. Nc1 Rg3+ 33.
Ke2 Rxh3 34. Nd3 Bc4 35. Rd2 Bf8 36. Kd1 Rxd3 37. Rxd3 Bxd3 38. Kc1 Bc2 39. Kb2 h5 40. Bf2 Be7 41. Bg3 f6 42. exf6 Bxf6+ 43. Kc1 Bf5 44. Bh2 b2+ 45. Kd2 b1=Q 46. Ke2 Qd3+ 47. Kf2 Bd4+ 48.
Kg2 Be4# 0-1

[Event "Early-Titled-Tuesday-Blitz-September-12-2023"]
[Site "Chess.com"]
[Date "2023.09.12"]
[Round "9"]
[White "tdf98pantani"]
[Black "artin10862"]
[Result "0-1"]
[WhiteElo "2742"]
[BlackElo "2949"]
[TimeControl "180+1"]
[EndTime "9:45:02 PDT"]
[Termination "artin10862 won by resignation"]

1. e4 c5 2. Nf3 d6 3. d4 cxd4 4. Nxd4 Nf6 5. Nc3 a6 6. Bg5 e6 7. f4 h6 8. Bh4 Qb6 9. a3 Nc6 10.
Bf2 Qc7 11. Qf3 Be7 12. Bd3 e5 13. Nf5 Bxf5 14. exf5 d5 15. Nxd5 Nxd5 16. Qxd5 exf4 17.
Qe4 O-O-O 18. O-O-O Rhe8 19. Qc4 Bf6 20. Be4 Nd4 21. Qxc7+ Kxc7 22. Rhe1 Nb5 23. c3 Rxd1+ 24. Kxd1 Bxc3 25. bxc3 Rxe4 26. Kc2 Rxe1 27. Bxe1 Nxa3+ 28. Kd3 Nb5 29. Bd2 Nd6 30. Bxf4 f6 31. g4 Kc6 32.
c4 Nf7 33. Kd4 Ng5 34. Bg3 b6 35. h4 Nf7 36. Bf4 Nd6 37. h5 Nb7 38. g5 hxg5 39. Bxg5 fxg5 40. f6 gxf6 0-1

[Event "Early-Titled-Tuesday-Blitz-September-12-2023"]
[Site "Chess.com"]
[Date "2023.09.12"]
[Round "9"]
[White "tetrix83"]
[Black "inagreV"]
[Result "1-0"]
[WhiteElo "2535"]
[BlackElo "2283"]
[TimeControl "180+1"]
[EndTime "9:45:03 PDT"]
[Termination "tetrix83 won by resignation"]

1. e4 e5 2. Nf3 Nc6 3. Bb5 a6 4. Bxc6 dxc6 5. O-O Ne7 6. Nxe5 Qd4 7. Qh5 g6 8. Nf3 Qxe4 9. Qa5 Bg4 10. Re1 Qd5 11.
Qxc7 Bxf3 12. gxf3 Qxf3 13. d3 Qg4+ 14. Qg3 Qxg3+ 15.
hxg3 Kd7 16. Nc3 Bg7 17. Ne4 Rae8 18. Nc5+ Kc8 19. c3 Nd5 20. Bd2 b6 21. Ne4 Kd7 22. a4 a5 23. Ng5 f6 24. Ne4 h6 25. c4 Nb4 26. Bxb4 axb4 27. a5 f5 28. axb6 Bd4 29. Ra7+ Ke6 30. Ng5+ Kf6 31. Nh7+ Rxh7 32. Rxe8 Rxa7 33.
bxa7 Bxa7 34. Rc8 f4 35. Rxc6+ Kf5 36. gxf4 Bd4 37. c5 Bxb2 38. Rb6 Bd4 39. Rxb4 Bxc5 40. Rb5 1-0

[Event "Early-Titled-Tuesday-Blitz-September-12-2023"]
[Site "Chess.com"]
[Date "2023.09.12"]
[Round "9"]
[White "Predator0608"]
[Black "MBA_CHESS_2021"]
[Result "1-0"]
[WhiteElo "2538"]
[BlackElo "2156"]
[TimeControl "180+1"]
[EndTime "9:45:03 PDT"]
[Termination "Predator0608 won on time"]

1. f4 d5 2. Nf3 c5 3. g3 Nc6 4.
Bg2 Bf5 5. O-O e6 6. d3 Nf6 7. Qe1 d4 8. e4 dxe3 9. Bxe3 Be7 10. Nc3 O-O 11. Nh4 Bg4 12. h3 Bh5 13. g4 Nxg4 14.
hxg4 Bxh4 15. Qd1 Bg6 16. f5 exf5 17. gxf5 Bg5 18. Bxc5 Qa5 19. Bxf8 Be3+ 20. Kh1 Bxf5 21. Qf3 Rxf8 22. Qxf5 Qb6 23. Rae1 Nd4 24. Qh5 Nxc2 25. Re2 g6 26. Qf3 Qxb2 27. Nd5 Qg7 28. Rxc2 Bd4 29.
Rc7 b5 30. Nf6+ Kh8 31. Ne4 Be5 32. Rxa7 Qh6+ 33. Bh3 1-0

[Event "Early-Titled-Tuesday-Blitz-September-12-2023"]
[Site "Chess.com"]
[Date "2023.09.12"]
[Round "9"]
[White "Rakhmanov_Aleksandr"]
[Black "AndreiITrifan"]
[Result "0-1"]
[WhiteElo "2789"]
[BlackElo "2644"]
[TimeControl "180+1"]
[EndTime "9:45:04 PDT"]
[Termination "AndreiITrifan won on time"]

1. d4 Nf6 2. c4 e6 3. Nc3 Bb4 4. e3 b6 5. Bd3 Bb7 6. Ne2 Bxg2 7. Rg1 Be4 8. a3 Bxc3+ 9. Nxc3 Bg6 10. e4 d6 11. Bg5 e5 12. h4 exd4 13. Nd5 h5 14. e5 dxe5 15. Bxf6 gxf6 16. Bxg6 fxg6 17. Rxg6 Nd7 18.
Qf3 Kf7 19. Rg5 c6 20. Nb4 Qe7 21. Nxc6 Qe6 22. O-O-O e4 23. Qf4 Qxc6 24. Rdg1 Qxc4+ 25.
Kb1 Rag8 26. Qd6 Qe6 27. Qxd4 fxg5 0-1

[Event "Early-Titled-Tuesday-Blitz-September-12-2023"]
[Site "Chess.com"]
[Date "2023.09.12"]
[Round "9"]
[White "Gogolev_Artemy"]
[Black "cukin84"]
[Result "1-0"]
[WhiteElo "2396"]
[BlackElo "2228"]
[TimeControl "180+1"]
[EndTime "9:45:04 PDT"]
[Termination "Gogolev_Artemy won by checkmate"]

1. e4 c6 2. d4 d5 3. e5 c5 4.
dxc5 e6 5. Nf3 Bxc5 6. c3 Nc6 7. Bd3 a5 8. a4 Nge7 9. O-O Ng6 10. Re1 O-O 11.
Na3 Nh4 12. Bf4 g6 13. Nb5 b6 14. Nfd4 Bxd4 15. cxd4 Ba6 16. Qg4 Nf5 17. Bg5 Qd7 18.
Bxf5 exf5 19. Qh4 Nd8 20. Nd6 Ne6 21. Bf6 Rfc8 22. Re3 h5 23. Nxf5 Nf8 24. Ne7+ Kh7 25.
Nxc8 Rxc8 26. h3 Rc2 27. g4 Be2 28. Rxe2 Rxe2 29. gxh5 Re4 30. hxg6+ Kxg6 31. Qg5+ Kh7 32. Qg7# 1-0